 Dungeon Crawl Stone Soup version 0.31-a0-441-g867994ef1c (webtiles) character file.

Game seed: 13528360690569138412

77 CraigForest the Sneak (level 4, -3/37 HPs)
             Began as a Formicid Delver on Aug 2, 2023.
             Slain by an ice beast (11 damage)
             ... on level 5 of the Dungeon.
             The game lasted 00:04:00 (1571 turns).

CraigForest the Sneak (Formicid Delver)             Turns: 1571, Time: 00:04:00

Health: -3/37      AC:  5    Str: 18    XL:     4   Next: 58%
Magic:  4/4        EV: 16    Int: 10    God:
Gold:   37         SH:  0    Dex: 15    Spells: 3/3 levels left

rFire   . . .        a - +0 falchion
rCold   . . .        (no shield)
rNeg    . . .        n - +0 ring mail
rPois   .            (helmet unavailable)
rElec   .            (no cloak)
rCorr   .            (no gloves)
SInv    +            (no boots)
Will    .....        (no amulet)
Stlth   +++          g - ring of wizardry
HPRegen 0.26/turn    m - +5 ring of evasion
MPRegen 0.09/turn

%: wizardry (x1)
@: no status effects
A: permanent stasis, dig shafts and tunnels, antennae 3, four strong arms
a: Dig, Shaft Self


You were on level 5 of the Dungeon.
You visited 1 branch of the dungeon, and saw 1 of its levels.

You collected 37 gold pieces.

Inventory:

Hand Weapons
 a - a +0 falchion (weapon)
Armour
 b - a +0 leather armour
 n - a +0 ring mail (worn)
Jewellery
 g - a ring of wizardry (left hand)
 m - a +5 ring of evasion (right hand)
Wands
 f - a wand of digging (3)
Scrolls
 c - a scroll of fog
 d - a scroll of revelation
 e - a scroll of fear
Potions
 h - a potion of curing {unknown}
 i - 2 potions of enlightenment {unknown}
 j - a potion of might {unknown}
 k - a potion of attraction {unknown}
 l - a potion of brilliance {unknown}


   Skills:
 + Level 3.6 Fighting
 + Level 2.3 Long Blades
 + Level 1.0 Armour
 + Level 2.1 Dodging
 + Level 7.2 Stealth


You had 3 spell levels left.
You didn't know any spells.
Your spell library contained the following spells:

 Spells                   Type           Power      Damage    Failure   Level
 Lesser Beckoning         Tloc           0%         N/A       38%         2
 Momentum Strike          Conj/Tloc      0%         3d8       38%         2
 Blink                    Tloc           Unusable   N/A       N/A         2

Dungeon Overview and Level Annotations

Branches:
Dungeon (5/15)
 Temple: D:4-7

Altars:

Shops:
D:5 :


Innate Abilities, Weirdness & Mutations

You cannot be hasted, slowed, berserked, paralysed or teleported.
You can dig through walls and to a lower floor.
You have a pair of large antennae on your head. (SInv)
Your four strong arms can wield two-handed weapons with a shield.


Message History

HP restored.
An orc comes into view. It is wielding a +0 flail.
You closely miss the ice beast. The ice beast barely misses you. x2
You closely miss the ice beast. The ice beast closely misses you.
You completely miss the ice beast. The ice beast misses you.
You slash the ice beast!
The ice beast is moderately wounded.
The ice beast barely misses you.
You closely miss the ice beast.
The ice beast is moderately wounded.
The ice beast completely misses you.
You hit the ice beast but do no damage.
The ice beast is moderately wounded.
The ice beast hits you. The ice beast freezes you!
You hit the ice beast.
The ice beast is moderately wounded.
The ice beast hits you. The ice beast freezes you!
The ice beast closely misses you.
You hit the ice beast but do no damage.
The ice beast is moderately wounded.
The ice beast misses you.
Unknown command.
Okay, then.
Okay, then.
You hit the ice beast.
The ice beast is heavily wounded.
The ice beast barely misses you.
You hit the ice beast.
The ice beast is severely wounded.
The ice beast barely misses you.
You closely miss the ice beast.
The ice beast is severely wounded.
The ice beast hits you. The ice beast freezes you!
* * * LOW HITPOINT WARNING * * *
You hit the ice beast but do no damage.
The ice beast is severely wounded.
The ice beast hits you.
* * * LOW HITPOINT WARNING * * *
The ice beast freezes you!
You die...

#. #### #...####..#
#####.###..######...####..#
..........................#
o..........................
...........................
..#...##....###.######....#
### ##....###.##..#######
#...Y.#..............
#...@.+..............
##...####+###.####..#
####'###..###.####..#
#....................
##...................
#.................<.#
#.##+##+#####...##..#
##...##....##...##..#
#....#......#....#...


You could see an ice beast.

Vanquished Creatures
  A hound (D:5)
  A jelly (D:5)
  2 adders (D:5)
4 creatures vanquished.

Notes
Turn   | Place    | Note
-------+----------+-------------------------------------------
     0 | D:5      | CraigForest the Formicid Delver began the quest for the
                  | Orb.
     0 | D:5      | Reached XP level 1. HP: 18/18 MP: 1/1
    25 | D:5      | Reached XP level 2. HP: 10/24 MP: 2/2
   165 | D:5      | Found Qulutioxt's Book Boutique.
   210 | D:5      | Noticed an ice beast
   297 | D:5      | HP: 1/24 [hound (2)]
   300 | D:5      | Reached skill level 7 in Stealth
   300 | D:5      | Reached XP level 3. HP: 3/29 MP: 3/3
  1263 | D:5      | Noticed an ice beast
  1406 | D:5      | Reached skill level 1 in Armour
  1406 | D:5      | Reached XP level 4. HP: 12/37 MP: 4/4
  1571 | D:5      | Slain by an ice beast

Illustrated notes

Levels and vault maps discovered:
D:5:      layout_gridville, serial_shops, shop, guppyfry_early_lair_pool

Skill      XL: |  1  2  3 |
---------------+----------+-----
Dodging        | 2 |  2.1
Stealth        | 7 |  7.2
Armour         | 1 |  1.0
Fighting       | |  3.6
Long Blades    | |  2.3

Action                     |  1- 3 |  4- 6 || total
---------------------------+-------+-------++-------
  Melee: Falchion          |    33 |    12 ||    45
    Use: Scroll            |     1 |       ||     1
   Stab: Sleeping          |     3 |       ||     3
 Armour: Leather armour    |    12 |       ||    12
  Dodge: Dodged            |    23 |    10 ||    33

Table legend: (Time is in decaauts)
 A = Elapsed time spent in this place.
 B = Non-inter-level travel time spent in this place.
 C = Inter-level travel time spent in this place.
 D = Time resting spent in this place.
 E = Time spent auto-exploring this place.
 F = Levels seen in this place.
 G = Mean time per level.
                   A        B        C        D        E       F      G
               +--------+--------+--------+--------+--------+-----+--------+
         Total |   1586 |   1586 |      0 |   1015 |    159 |   1 | 1586.0 |
       Dungeon |   1586 |   1586 |      0 |   1015 |    159 |   1 | 1586.0 |
               +--------+--------+--------+--------+--------+-----+--------+

Top non-repeatable levels by time:
     D:5: 1586 daAuts
